 Dungeon Crawl Stone Soup version 0.30-b1-2-g02819fbbbe (webtiles) character file.

Game seed: 16734780968054096096

123 peetr the Chopper (level 5, -1/47 HPs)
             Began as a Hill Orc Monk on May 17, 2023.
             Was a Believer of Beogh.
             Slain by a black bear (4 damage)
             ... on level 4 of the Dungeon.
             The game lasted 00:28:41 (2298 turns).

peetr the Chopper (Hill Orc Monk)                   Turns: 2298, Time: 00:28:41

Health: -1/47      AC:  7    Str: 15 (16) XL:     5   Next: 7%
Magic:  2/5        EV: 11    Int:  7 (10) God:    Beogh [**....]
Gold:   190        SH:  0    Dex: 12 (13) Spells: 4/4 levels left

rFire   . . .        n - +1 short sword (speed)
rCold   . . .        d - orb {light}
rNeg    . . .        w - +0 ring mail
rPois   .            (no helmet)
rElec   .            (no cloak)
rCorr   .            z - +1 pair of gloves
SInv    .            (no boots)
Will    .....        (no amulet)
Stlth   +            (no ring)
HPRegen 0.27/turn    (no ring)
MPRegen 0.09/turn

%: no passive effects
@: glowing
A: no striking features
a: Renounce Religion, Smiting


You were on level 4 of the Dungeon.
You worshipped Beogh.
Beogh was pleased with you.
You visited 1 branch of the dungeon, and saw 4 of its levels.

You collected 190 gold pieces.

Inventory:

Hand Weapons
 c - the +7 sling of Maxty {speed, rC+ Int+2 Dex-3}
   (You found it on level 2 of the Dungeon)

   Int:       It affects your intelligence (+2).
   Dex:       It affects your dexterity (-3).
   rC:        It protects you from cold.
 e - a +0 dagger
 f - a +0 dagger
 g - a +0 dagger
 k - a +0 club
 m - a +0 club
 n - a +1 short sword of speed (weapon)
 p - a +0 short sword
 q - a +0 long sword
 s - a +0 club
 u - a +0 dagger
 v - a +0 short sword
 A - a +0 rapier
Missiles
 j - 12 poisoned darts (quivered)
 o - 30 stones
Armour
 b - a +0 robe
 d - an orb of light (worn)
 h - a +0 robe
 r - a +0 pair of gloves
 t - a +0 robe
 w - a +0 ring mail (worn)
 y - a +0 ring mail
 z - a +1 pair of gloves (worn)
Scrolls
 a - a scroll of magic mapping
 i - 3 scrolls of identify
 l - a scroll of poison
Potions
 x - a potion of attraction {unknown}
 B - a potion of curing
 C - a potion of heal wounds {unknown}


   Skills:
 + Level 4.5 Fighting
 + Level 1.8 Short Blades
 + Level 4.9 Axes
 + Level 0.2 Throwing
 + Level 1.0 Armour
 + Level 3.1 Dodging


You had 4 spell levels left.
You didn't know any spells.
Your spell library contained the following spells:

 Spells                   Type           Power      Damage    Failure   Level
 Magic Dart               Conj           0%         1d3       67%         1
 Searing Ray              Conj           0%         2d4       80%         2
 Fulminant Prism          Conj/Hex       0%         3d5       100%        4


Dungeon Overview and Level Annotations

Branches:
Dungeon (4/15)
 Temple: D:4-7

Altars:


Message History

The gnoll hits you but does no damage.
You hit the gnoll but do no damage.
The gnoll is severely wounded.
The gnoll barely misses you. The gnoll hits you but does no damage.
The gnoll closely misses you.
You hit the gnoll.
You kill the gnoll!
Beogh accepts your kill.
You feel your strength returning.
Your Armour skill increases to level 1!
You have reached level 5!
You feel stronger.
Throw: 13 darts (poison)
Press: ? - help, Q - select action, (/) - cycle Shift-Dir - straight line, f - gnoll
Aim: a gnoll, wielding a +2 halberd of freezing (haloed, 82% to hit)
You throw a poisoned dart. The poisoned dart hits the gnoll.
The gnoll is poisoned.
The gnoll barely misses you.
The gnoll hits you from afar with a +2 halberd of freezing.
The gnoll freezes you.
Found 2 stones.
The gnoll hits you with a +0 spear!
* * * LOW HITPOINT WARNING * * *
The black bear bites you.
* * * LOW HITPOINT WARNING * * *
The black bear claws you but does no damage.
The black bear claws you.
* * * LOW HITPOINT WARNING * * *
The gnoll hits you but does no damage.
Items here: ( )) †.
The gnoll hits you from afar with a +0 spear.
* * * LOW HITPOINT WARNING * * *
The gnoll closely misses you.
The black bear attacks as you move away!
The black bear bites you but does no damage.
The black bear claws you but does no damage.
The black bear closely misses you.
You see here a +0 spear.
The black bear attacks as you move away!
The black bear bites you.
You die...

. ##.# # #. ##..# .#
#.##...####.# #..#.#.##...
######...#.##.#
..............####
#......?J........########..
#......##g#...............#
#.....()gJh@...<....#####.#
#......########.###.....#.#
#...... #.# ####.†#.##
#...... #.# ####.....
#...... #.. #>.......
.....(. ###.##........
.#.#### ......†....... #.
###..#........ ##.#........


You could see a black bear, 2 gnolls and 2 endoplasms.

Vanquished Creatures
  Jessica (D:2)
  2 gnolls (D:4)
  2 adders (D:3)
  A worm (D:3)
  A dart slug (D:1)
  6 endoplasms
  5 giant cockroaches
  4 goblins
  4 hobgoblins
  3 jackals (D:4)
  5 kobolds
  6 quokkas
  A ball python (D:4)
  4 bats
  A frilled lizard (D:3)
  4 rats
50 creatures vanquished.

Vanquished Creatures (others)
  An orc priest (D:3)
  An orc (D:3)
2 creatures vanquished.

Grand Total: 52 creatures vanquished

Notes
Turn   | Place    | Note
-------+----------+-------------------------------------------
     0 | D:1      | peetr the Hill Orc Monk began the quest for the Orb.
     0 | D:1      | Reached XP level 1. HP: 19/19 MP: 1/1
   594 | D:1      | Reached XP level 2. HP: 27/27 MP: 2/2
  1404 | D:2      | Reached XP level 3. HP: 19/33 MP: 3/3
  1594 | D:2      | Identified the +7 sling of Maxty {speed, rC+ Int+2 Dex-3}
  1779 | D:2      | Noticed Jessica
  1787 | D:2      | Killed Jessica
  1788 | D:2      | Reached skill level 1 in Short Blades
  1788 | D:2      | Reached XP level 4. HP: 37/41 MP: 4/4
  2113 | D:3      | Became a worshipper of Beogh the Brigand
  2113 | D:3      | Reached * piety under Beogh
  2113 | D:3      | Reached ** piety under Beogh
  2284 | D:4      | Noticed a black bear
  2292 | D:4      | Reached skill level 1 in Armour
  2292 | D:4      | Reached XP level 5. HP: 24/47 MP: 2/5
  2294 | D:4      | HP: 2/47 [gnoll/+0 spear (4)]
  2298 | D:4      | Slain by a black bear

Illustrated notes

Levels and vault maps discovered:
D:1:      elethiomel_arrival_quiet, layout_basic
D:2:      layout_rooms, uniq_jessica
D:3:      layout_loops_ring
D:4:      layout_rooms, minmay_temple_entry_mini_moons, serial_shops,
          nicolae_shop_back_alley_shop, kennysheep_donut

Skill      XL: |  1  2  3  4 |
---------------+-------------+-----
Fighting       | 4 |  4.5
Short Blades   | 1 |  1.8
Dodging        | 3 |  3.1
Armour         | 1 |  1.0
Axes           | |  4.9
Throwing       | |  0.2

Action                     |  1- 3 |  4- 6 || total
---------------------------+-------+-------++-------
  Melee: Hand axe          |    30 |       ||    30
         Short sword       |    90 |    84 ||   174
  Throw: Dart              |     7 |     1 ||     8
 Invoke: Smiting           |       |     1 ||     1
         Convert to Beogh  |       |     1 ||     1
    Use: Scroll            |     6 |       ||     6
         Potion            |     5 |       ||     5
 Armour: Robe              |    15 |       ||    15
         Ring mail         |    16 |    29 ||    45
  Dodge: Dodged            |    59 |    49 ||   108
